 Dungeon Crawl Stone Soup version 0.17.0-28-g6e173f8 (webtiles) character file.

121 konokrad777 the Ruffian (level 5, -2/42 (47) HPs)
             Began as a Ghoul Monk on Nov 23, 2015.
             Slain by a water moccasin skeleton (8 damage)
             ... on level 4 of the Dungeon.
             The game lasted 00:10:21 (3338 turns).

konokrad777 the Ruffian (Ghoul Monk)                Turns: 3338, Time: 00:10:21

HP:   -2/42 (47)    AC:  2    Str: 20    XL:     5   Next: 5%
MP:   4/4           EV: 12    Int:  6    God:
Gold: 135           SH:  0    Dex: 11    Spells: 0 memorised, 4 levels left

rFire  + + .     SeeInvis .       - Unarmed
rCold  + + .     Clarity  .     a - +0 robe
rNeg   + + +     SustAt   .     (no shield)
rPois  ∞         Gourm    .     (no helmet)
rElec  +         Spirit   .     (no cloak)
rCorr  +         Warding  .     (no gloves)
rMut   .         Stasis   .     (no boots)
MR     .....                    (no amulet)
Stlth  ++........               (no ring)
                                o - ring of protection from fire

@: mighty, resistant, rotting, not resistant to hostile enchantments, unstealthy
A: rotting body, claws 1, carnivore 3, cold resistance 1, negative energy
resistance 3, slow regeneration 1, torment resistance, unbreathing
a: no special abilities


You were on level 4 of the Dungeon.
You were not hungry.

You visited 1 branch of the dungeon, and saw 4 of its levels.

You collected 135 gold pieces.

Inventory:

Hand Weapons
 d - a +0 hunting sling
Missiles
 c - 11 poisoned needles
 f - 83 stones (quivered)
Armour
 a - a +0 robe (worn)
 p - a cursed +0 pair of gloves
Magical Staves
 s - an uncursed staff of air
Jewellery
 o - a ring of protection from fire (left claw)
Scrolls
 g - 3 scrolls of teleportation {unknown}
 i - 3 scrolls of identify {unknown}
 j - a scroll of noise {unknown}
 k - 2 scrolls of random uselessness {unknown}
 r - a scroll of fear {unknown}
Potions
 e - 2 potions of haste
Comestibles
 b - a meat ration
 l - a beef jerky


   Skills:
 + Level 4.4 Fighting
 - Level 2.6 Dodging
 - Level 2.1 Stealth
 * Level 6.0 Unarmed Combat


You had 4 spell levels left.
You didn't know any spells.

Dungeon Overview and Level Annotations

Branches:
Dungeon (4/15)
 Temple: D:4-7

Altars:
Okawaru

Annotations:
D:3 carl's ghost, amateur VSFi
D:4 exclusion: ogre, Menkaure


Innate Abilities, Weirdness & Mutations

Your body is rotting away.
You thrive on raw meat.
You are immune to poison.
You have sharp fingernails.
You are carnivorous and can eat meat at any time.
Your flesh is cold resistant.
You are immune to negative energy.
You regenerate slowly when monsters are visible.
You are immune to unholy pain and torment.
You can survive without breathing.


Message History

* * * LOW HITPOINT WARNING * * *
Drink which item? (? for menu, Esc to quit)
It was a potion of magic.
Magic courses through your body.
The water moccasin skeleton bites you but does no damage.
Drink which item? (? for menu, Esc to quit)
It was a potion of resistance.
You feel protected.
The water moccasin skeleton bites you but does no damage.
Drink which item? (? for menu, Esc to quit)
It was a potion of cure mutation.
It has a very clean taste.
The water moccasin skeleton closely misses you.
The water moccasin skeleton bites you!
* * * LOW HITPOINT WARNING * * *
Drink which item? (? for menu, Esc to quit)
It was a potion of might.
You feel very mighty all of a sudden.
The water moccasin skeleton closely misses you.
You are too injured to fight recklessly!
You claw the water moccasin skeleton! The water moccasin skeleton bites you!
You die...

##.......## #......<..#
#.........# . #.........#
.... ###.........# ###
.....###...........# ...
.........#.........# ....
..........#.......## .....
O....##........@..###.....
....###.##....Z####.......
##............a...........
# .................%.....
..........#######.......
#........... #######
#.........### ....$....#
.........#


You could see a worker ant and a water moccasin skeleton.

Vanquished Creatures
  7 adders
  An ooze (D:1)
  A worm (D:3)
  A giant gecko (D:2)
  An orc (D:3)
  7 goblins
  7 hobgoblins
  4 jackals (D:2)
  7 kobolds
  3 quokkas
  5 bats
  3 giant newts (D:1)
  7 rats
54 creatures vanquished.

Notes
Turn   | Place    | Note
--------------------------------------------------------------
     0 | D:1      | konokrad777 the Ghoul Monk began the quest for the Orb.
     0 | D:1      | Reached XP level 1. HP: 19/19 MP: 0/0
   109 | D:1      | Reached XP level 2. HP: 26/26 MP: 1/1
   454 | D:1      | Reached skill level 5 in Unarmed Combat
   454 | D:1      | Reached XP level 3. HP: 33/33 MP: 2/2
  1013 | D:2      | Noticed an ice beast
  1093 | D:2      | Reached XP level 4. HP: 31/40 MP: 3/3
  1494 | D:3      | Noticed carl's ghost (amateur VSFi)
  1837 | D:3      | Found an iron altar of Okawaru.
  2640 | D:4      | Noticed an ogre
  3054 | D:2      | Reached skill level 6 in Unarmed Combat
  3054 | D:2      | Reached XP level 5. HP: 41/41 MP: 4/4
  3133 | D:4      | Noticed Menkaure
  3338 | D:4      | Slain by a water moccasin skeleton

Action                   |  1- 3 |  4- 6 || total
-------------------------+-------+-------++-------
Melee: Unarmed           |   101 |    69 ||   170
Throw: Stone             |       |     5 ||     5
  Use: Potion            |       |     6 ||     6
 Stab: Sleeping          |     4 |     2 ||     6
       Distracted        |       |     1 ||     1
  Eat: Chunk             |     9 |     5 ||    14
